 Seeded DCSS version 0.31-a0-175-g9f7f995f2b (webtiles) character file.

Game seed: 13686468532733257171 (custom seed)

61 innerfire43 the Ducker (level 3, -3/29 HPs)
             Began as a Demonspawn Monk on June 17, 2023.
             Slain by a gnoll
             ... wielding a +0 halberd
              (13 damage)
             ... on level 3 of the Dungeon.
             The game lasted 00:01:54 (1861 turns).

innerfire43 the Ducker (Demonspawn Monk)            Turns: 1861, Time: 00:01:55

Health: -3/29      AC:  4    Str: 13    XL:     3   Next: 83%
Magic:  3/3        EV: 13    Int: 11    God:
Gold:   146        SH:  0    Dex: 15    Spells: 2/2 levels left

rFire   . . .        j - +1 dagger (speed)
rCold   . . .        d - orb {light}
rNeg    . . .        b - +0 robe
rPois   .            l - +0 helmet
rElec   .            (no cloak)
rCorr   .            f - +0 pair of gloves
SInv    .            (no boots)
Will    .....        (no amulet)
Stlth   +            (no ring)
HPRegen 0.24/turn    (no ring)
MPRegen 0.08/turn

%: no passive effects
@: lethally poisoned (-3 -> -9), glowing
A: foul stench 1
a: no special abilities


You were on level 3 of the Dungeon.
You visited 1 branch of the dungeon, and saw 3 of its levels.

You collected 146 gold pieces.

Inventory:

Hand Weapons
 a - a +0 short sword
 j - a +1 dagger of speed (weapon)
Armour
 b - a +0 robe (worn)
 d - an orb of light (worn)
 f - a +0 pair of gloves (worn)
 l - a +0 helmet (worn)
Jewellery
 o - a +5 ring of evasion
Scrolls
 e - a scroll of enchant armour {unknown}
 h - a scroll of immolation {unknown}
 i - a scroll of butterflies {unknown}
 m - 2 scrolls of identify {unknown}
 p - a scroll of noise {unknown}
 q - a scroll of revelation {unknown}
Potions
 c - a potion of ambrosia
 g - a potion of haste {unknown}
 k - 3 potions of heal wounds {unknown}
 n - a potion of magic {unknown}
 r - 2 potions of degeneration {unknown}


   Skills:
 - Level 3.0 Fighting
 + Level 3.2 Short Blades
 * Level 3.9 Dodging
 + Level 0.3 Stealth


You had 2 spell levels left.
You didn't know any spells.
Your spell library contained the following spells:

 Spells                   Type           Power      Damage    Failure   Level
 Gell's Gravitas          Tloc           0%         N/A       71%         3
 Teleport Other           Tloc           0%         N/A       71%         3
 Petrify                  Tmut/Erth      0%         N/A       98%         4
 Metabolic Englaciation   Hex/Ice        0%         N/A       100%        5
 Dispersal                Tloc           0%         N/A       100%        6
 Statue Form              Tmut/Erth      0%         N/A       100%        6


Dungeon Overview and Level Annotations

Branches:
Dungeon (3/15)

Altars:


Innate Abilities, Weirdness & Mutations

You may rarely emit foul miasma when damaged in melee.


Message History

You escape the ball python's grasp.
The hobgoblin attacks as you move away!
The hobgoblin hits you but does no damage.
The hobgoblin hits you.
The endoplasm jiggles.
You hit the hobgoblin but do no damage. The hobgoblin hits you.
You hit the hobgoblin.
The hobgoblin is moderately wounded.
The hobgoblin barely misses you.
You hit the hobgoblin.
The hobgoblin is almost dead.
You hit the hobgoblin.
You kill the hobgoblin!
You hit the rat.
The rat is severely wounded.
You hit the rat.
You kill the rat!
You barely miss the adder. The adder closely misses you.
You closely miss the adder. You hit the adder but do no damage.
You barely miss the ball python. The adder bites you but does no damage.
You hit the ball python.
You kill the ball python!
The gnoll hits you from afar with a +0 halberd.
You hit the endoplasm.
The endoplasm is moderately wounded.
The adder bites you but does no damage.
You completely miss the endoplasm.
The endoplasm is moderately wounded.
The adder barely misses you. The endoplasm hits you.
The gnoll barely misses you.
You hit the endoplasm.
The endoplasm is almost dead.
The adder bites you.
You hit the endoplasm.
You kill the endoplasm!
The gnoll hits you from afar with a +0 halberd!
The adder bites you.
You are poisoned.
The adder poisons you! The gnoll hits you with a +0 halberd!
You die...

#...#..######..#
#.†##.##....##.#
#..#..#..$?./#
#..#..#.(##g.#
#.....#.(##$.#
#.....#...)..#
.#
#.....##.....#.#
#.....S###†....#
#......@......##
##...###g.$.###
#.#.. ######
#.... #..## ##.
#.


You could see a gnoll and an adder.

Vanquished Creatures
  An adder (D:2)
  2 dart slugs
  4 bats
  5 endoplasms
  2 giant cockroaches
  4 goblins
  6 hobgoblins
  3 jackals (D:2)
  4 kobolds
  A quokka (D:2)
  5 ball pythons
  3 frilled lizards
  A rat (D:3)
41 creatures vanquished.

Notes
Turn   | Place    | Note
-------+----------+-------------------------------------------
     0 | D:1      | innerfire43 the Demonspawn Monk began the quest for the
                  | Orb.
     0 | D:1      | Reached XP level 1. HP: 18/18 MP: 1/1
   103 | D:1      | Gained mutation: You may rarely emit foul miasma when
                  | damaged in melee. [demonic ancestry]
   103 | D:1      | Reached XP level 2. HP: 17/24 MP: 2/2
  1071 | D:2      | Reached XP level 3. HP: 29/29 MP: 3/3
  1861 | D:3      | Slain by a gnoll

Illustrated notes

Levels and vault maps discovered:
D:1:      lordsloth_arrival_two_stooges, layout_basic, serial_corexii_hall,
          corexii_hall_statues_l, corexii_hall_statues_x
D:2:      layout_loops_corners, minmay_tall_x
D:3:      layout_rooms, minmay_randomly_rotated_circles

Skill      XL: |  1  2 |
---------------+-------+-----
Dodging        | 3 |  3.9
Short Blades   | 3 |  3.2
Fighting       | |  3.0
Stealth        | |  0.3

Action                     || total
---------------------------++-------
  Melee: Short sword       ||    29
         Dagger            ||   126
   Stab: Distracted        ||     1
 Armour: Robe              ||    31
  Dodge: Dodged            ||    85

Table legend: (Time is in decaauts)
 A = Elapsed time spent in this place.
 B = Non-inter-level travel time spent in this place.
 C = Inter-level travel time spent in this place.
 D = Time resting spent in this place.
 E = Time spent auto-exploring this place.
 F = Levels seen in this place.
 G = Mean time per level.
                   A        B        C        D        E       F      G
               +--------+--------+--------+--------+--------+-----+--------+
         Total |   1801 |   1773 |     28 |      0 |   1527 |   3 |  600.3 |
       Dungeon |   1801 |   1773 |     28 |      0 |   1527 |   3 |  600.3 |
               +--------+--------+--------+--------+--------+-----+--------+

Top non-repeatable levels by time:
     D:1: 936 daAuts
     D:2: 822 daAuts
     D:3: 42 daAuts
